 Seeded DCSS version 0.31-a0-222-gefeffbb62a (webtiles) character file.

Game seed: 14784897493659367010 (custom seed)

10822 innerfire43 the Fighter (level 11, 0/92 HPs)
             Began as a Demonspawn Monk on July 5, 2023.
             Was the Champion of Uskayaw.
             Killed from afar by a gargoyle (9 damage)
             ... with a stone arrow
             ... while petrified by a basilisk
             ... on level 11 of the Dungeon.
             The game lasted 00:10:12 (9786 turns).

innerfire43 the Fighter (Demonspawn Monk)           Turns: 9786, Time: 00:10:12

Health: 0/92       AC: 11    Str: 15    XL:     11   Next: 41%
Magic:  11/11      EV:  2    Int: 12    God:    Uskayaw [******]
Gold:   747        SH:  0    Dex: 16    Spells: 10/10 levels left

rFire   . . .        a - +4 broad axe (freeze)
rCold   . . .        d - orb {light}
rNeg    + + +        j - +1 steam dragon scales
rPois   ∞            y - +2 hat
rElec   .            (no cloak)
rCorr   .            (no gloves)
SInv    .            (no boots)
Will    .....        h - amulet of the acrobat
Stlth   +            (no ring)
HPRegen 0.35/turn    (no ring)
MPRegen 0.12/turn

%: acrobat
@: petrified, glowing
A: icy blue scales 2, foul stench 2, demonic touch 2
a: Renounce Religion, Stomp, Line Pass, Grand Finale


You were on level 11 of the Dungeon.
You worshipped Uskayaw.
Uskayaw was noncommittal.
You visited 1 branch of the dungeon, and saw 11 of its levels.
You also visited: Sewer.

You collected 747 gold pieces.

Inventory:

Hand Weapons
 a - a +4 broad axe of freezing (weapon)
 b - a +1 sling of draining
 r - a +0 hand axe
 F - a +2 heavy shortbow
Armour
 d - an orb of light (worn)
 j - +1 steam dragon scales (worn)
 s - a +1 hat
 t - a +0 robe
 u - a +3 leather armour of cold resistance
 y - a +2 hat (worn)
 I - a +0 pair of boots
Jewellery
 h - an amulet of the acrobat (around neck)
 A - a ring of protection from fire
Wands
 g - a wand of polymorph (12)
 k - a wand of flame (25)
 p - a wand of quicksilver (13)
Scrolls
 i - 5 scrolls of identify
 n - 4 scrolls of immolation
 o - 7 scrolls of teleportation
 v - 2 scrolls of revelation
 w - a scroll of fear
 B - a scroll of fog
 C - a scroll of blinking
 G - a scroll of enchant weapon
Potions
 e - 4 potions of lignification
 f - 2 potions of degeneration {unknown}
 l - a potion of magic {unknown}
 m - 2 potions of mutation {unknown}
 q - a potion of brilliance {unknown}
 x - 2 potions of curing
 z - 2 potions of enlightenment
 D - a potion of experience {unknown}
 E - 2 potions of might {unknown}
 H - 2 potions of haste {unknown}


   Skills:
 + Level 10.6 Fighting
 + Level 9.6 Axes
 + Level 5.0 Ranged Weapons
 + Level 9.6 Dodging


You had 10 spell levels left.
You didn't know any spells.
Your spell library contained the following spells:

 Spells                   Type           Power      Damage    Failure   Level
 Sandblast                Erth           0%         2d4       32%         1
 Slow                     Hex            0%         N/A       32%         1
 Ensorcelled Hibernation  Hex/Ice        0%         N/A       45%         2
 Passwall                 Tmut/Erth      0%         N/A       45%         2
 Confusing Touch          Hex            0%         N/A       69%         3
 Gell's Gravitas          Tloc           0%         N/A       69%         3
 Spider Form              Tmut/Pois      0%         N/A       69%         3
 Stone Arrow              Conj/Erth      0%         3d7       69%         3
 Teleport Other           Tloc           0%         N/A       69%         3
 Vampiric Draining        Necr           0%         2d6       69%         3
 Anguish                  Hex/Necr       0%         N/A       97%         4
 Olgreb's Toxic Radiance  Pois           0%         N/A       97%         4
 Dispersal                Tloc           0%         N/A       100%        6
 Discord                  Hex            0%         N/A       100%        8
 Ignition                 Fire           0%         3d3       100%        8


Dungeon Overview and Level Annotations

Branches:
Dungeon (11/15)            Temple (0/1) D:6             Orc (0/2) D:11
  Sewer (visited)
   Lair: D:8-11

Altars:
Ashenzari
Dithmenos
Makhleb
Okawaru
Qazlal
Sif Muna
Trog
Uskayaw
Vehumet
Xom
Yredelemnul

Portals:
Bailey: D:10


Innate Abilities, Weirdness & Mutations

You are mostly covered in icy blue scales. (AC +3)
You sometimes emit foul miasma when damaged in melee.
Your touch may inflict irresistible damage on your foes.


Message History

You have turned to stone.
Uskayaw links your audience in an emotional bond!
You kill the basilisk!
The gargoyle hits you but does no damage.
The goblin zombie completely misses you.
The ogre zombie hits you.
* * * LOW HITPOINT WARNING * * *
You emit a cloud of foul miasma!
The ogre zombie hits you.
* * * LOW HITPOINT WARNING * * *
Your Ranged Weapons skill increases to level 5!
The ogre zombie is no longer sharing its pain.
The gargoyle barely misses you.
The goblin zombie hits you but does no damage.
The orc zombie hits you but does no damage.
The orc skeleton is no longer sharing its pain.
The orc zombie is no longer sharing its pain.
The goblin zombie is no longer sharing its pain.
The orc zombie is no longer sharing its pain.
The goblin zombie is no longer sharing its pain.
The ogre zombie is no longer sharing its pain. x2
The gargoyle is no longer sharing its pain.
The ogre zombie hits you.
* * * LOW HITPOINT WARNING * * *
The gargoyle hits you with a +0 mace!
* * * LOW HITPOINT WARNING * * *
The goblin zombie hits you but does no damage.
The ogre zombie hits you.
You emit a cloud of foul miasma!
The orc zombie hits you but does no damage.
You feel less invigorated.
You feel less confused.
The gargoyle hurls a stone arrow at you.
The stone arrow hits you!!
* * * LOW HITPOINT WARNING * * *
The ogre zombie hits you!
* * * LOW HITPOINT WARNING * * *
The goblin zombie hits you but does no damage.
The orc zombie hits you but does no damage.
The gargoyle hurls a stone arrow at you.
The stone arrow hits you!!
You die...

#.............##
...............#
.8.....>.....8..
................
#.............#
#......ZZ.....#
#.....Z8ZZ....# ###
#.Z9@Z#### #..
######Z###..##########.#
.............)...........
.........................
###.#########............
#. #...##.###### #
#...##.# ######.# #.#


You could see a gargoyle, 2 goblin zombies, 2 orc zombies, 3 ogre zombies and an
orc skeleton.

Vanquished Creatures
  Erolcha (D:9)
  A two-headed ogre (D:7)
  Erica (D:9)
  A sixfirhy (D:7)
  Pikel (D:7)
  A cyclops (D:7)
  Maurice (D:9)
  Joseph (D:7)
  An unseen horror (D:11)
  Prince Ribbit (D:6)
  2 shadows (D:11)
  A vampire (D:10)
  2 humans (D:8)
  2 wyverns
  4 yaks (D:9)
  2 basilisks
  3 vampire mosquitoes
  2 water moccasins
  4 orc warriors
  2 ice beasts
  2 centaurs (D:9)
  3 lemures (D:7)
  2 phantoms
  3 kobold brigands
  3 bullfrogs
  2 gnoll sergeants (D:9)
  3 scorpions
  17 wights
  A troll zombie (D:11)
  11 killer bees (D:10)
  4 howler monkeys
  A jelly (D:6)
  2 gnoll boudas
  3 hounds
  4 orc priests
  4 iguanas
  2 sleepcaps
  5 orc wizards
  2 ogre zombies (D:11)
  15 gnolls
  A river rat (Sewer)
  6 adders
  A shadow imp (D:7)
  2 white imps
  An ufetubus (D:5)
  2 worms
  A dart slug (D:5)
  23 orcs
  8 ball pythons
  7 bats
  5 endoplasms
  3 giant cockroaches
  7 goblins
  6 hobgoblins
  5 jackals
  20 kobolds
  4 quokkas
  5 frilled lizards
  A goblin skeleton (D:11)
  A goblin zombie (D:11)
  3 hobgoblin zombies (D:11)
  11 orc zombies (D:11)
  11 rats
257 creatures vanquished.

Vanquished Creatures (others)
  An orc zombie (D:11)
1 creature vanquished.

Grand Total: 258 creatures vanquished

Notes
Turn   | Place    | Note
-------+----------+-------------------------------------------
     0 | D:1      | innerfire43 the Demonspawn Monk began the quest for the
                  | Orb.
     0 | D:1      | Reached XP level 1. HP: 18/18 MP: 1/1
   164 | D:1      | Gained mutation: You may rarely emit foul miasma when
                  | damaged in melee. [demonic ancestry]
   164 | D:1      | Reached XP level 2. HP: 24/24 MP: 2/2
   502 | D:1      | Reached XP level 3. HP: 29/29 MP: 3/3
  1069 | D:2      | Reached XP level 4. HP: 37/37 MP: 4/4
  1431 | D:2      | Identified a scroll of acquirement
  1431 | D:2      | Acquired a +3 broad axe of freezing
  1848 | D:3      | Found a shadowy altar of Dithmenos.
  1920 | D:3      | Found a hide-covered altar of Uskayaw.
  1950 | D:3      | Found a glowing drain.
  1981 | Sewer    | Entered a sewer
  1990 | Sewer    | Reached skill level 4 in Fighting
  2050 | Sewer    | Noticed a kobold brigand
  2051 | Sewer    | Noticed a kobold brigand
  2057 | Sewer    | Killed a kobold brigand
  2058 | Sewer    | Reached XP level 5. HP: 34/42 MP: 5/5
  2237 | D:3      | Identified the +1 robe "Lucenadgh" {rPois Slay+6}
  2386 | D:3      | Became a worshipper of Uskayaw the Reveller
  2386 | D:3      | Reached * piety under Uskayaw
  2455 | D:4      | Gained mutation: You sometimes emit foul miasma when
                  | damaged in melee. [demonic ancestry]
  2455 | D:4      | Reached XP level 6. HP: 49/49 MP: 6/6
  2455 | D:4      | Reached ** piety under Uskayaw
  2458 | D:4      | Found a broken altar of Ashenzari.
  2461 | D:4      | Found a shimmering altar of Xom.
  3020 | D:4      | Reached skill level 5 in Fighting
  3622 | D:4      | Found a burning altar of Makhleb.
  3757 | D:5      | Entered Level 5 of the Dungeon
  3757 | D:5      | Noticed an ice beast
  3763 | D:5      | Killed an ice beast
  3763 | D:5      | Reached *** piety under Uskayaw
  3764 | D:5      | Gained mutation: You are partially covered in icy blue
                  | scales. (AC +2) [demonic ancestry]
  3764 | D:5      | Reached XP level 7. HP: 56/56 MP: 7/7
  3965 | D:5      | You fall into a shaft and drop 2 floors!
  3998 | D:7      | Noticed Pikel
  4001 | D:7      | Reached skill level 5 in Axes
  4001 | D:7      | Reached skill level 5 in Dodging
  4006 | D:7      | Reached **** piety under Uskayaw
  4007 | D:7      | Killed Pikel
  4008 | D:7      | Reached skill level 6 in Fighting
  4008 | D:7      | Gained mutation: You are mostly covered in icy blue scales.
                  | (AC +3) [demonic ancestry]
  4008 | D:7      | Reached XP level 8. HP: 39/65 MP: 8/8
  4275 | D:7      | Found a runed translucent door.
  4281 | D:7      | Noticed a sixfirhy
  4287 | D:7      | Reached skill level 7 in Fighting
  4291 | D:7      | Reached ***** piety under Uskayaw
  4437 | D:7      | Gained mutation: Your touch may inflict minor irresistible
                  | damage on your foes. [demonic ancestry]
  4437 | D:7      | Reached XP level 9. HP: 47/72 MP: 9/9
  4638 | D:7      | Noticed Joseph
  4652 | D:7      | HP: 3/70 [basilisk (4)]
  4653 | D:7      | HP: 1/70 [poisoned by an orc warrior]
  4667 | D:7      | Killed Joseph
  4668 | D:7      | Reached skill level 8 in Fighting
  5052 | D:7      | Noticed a cyclops
  5062 | D:7      | Killed a cyclops
  5150 | D:7      | Noticed a two-headed ogre
  5157 | D:7      | Killed a two-headed ogre
  5158 | D:7      | Reached skill level 9 in Fighting
  5778 | D:7      | Killed a sixfirhy
  5779 | D:7      | Reached skill level 1 in Ranged Weapons
  5779 | D:7      | Reached XP level 10. HP: 34/83 MP: 10/10
  5946 | D:6      | Found a shimmering blue altar of Sif Muna.
  6092 | D:6      | Found a stormy altar of Qazlal.
  6183 | D:6      | Found a staircase to the Ecumenical Temple.
  6344 | D:6      | Noticed Prince Ribbit
  6351 | D:6      | Killed Prince Ribbit
  6412 | D:6      | Found a basalt altar of Yredelemnul.
  7657 | D:8      | Found an iron altar of Okawaru.
  8213 | D:9      | Found a radiant altar of Vehumet.
  8242 | D:9      | Found a bloodstained altar of Trog.
  8487 | D:9      | Noticed Erolcha
  8502 | D:9      | Killed Erolcha
  8503 | D:9      | Reached skill level 10 in Fighting
  8596 | D:9      | Noticed Maurice
  8599 | D:9      | Paralysed by Maurice for 5 turns
  8622 | D:9      | Killed Maurice
  8761 | D:9      | Gained mutation: Your touch may inflict irresistible damage
                  | on your foes. [demonic ancestry]
  8761 | D:9      | Reached XP level 11. HP: 76/90 MP: 11/11
  8871 | D:9      | Noticed Erica
  8882 | D:9      | Killed Erica
  8882 | D:9      | Reached ****** piety under Uskayaw
  9219 | D:10     | Entered Level 10 of the Dungeon
  9532 | D:10     | Found a flagged portal.
  9754 | D:11     | Found a staircase to the Orcish Mines.
  9783 | D:11     | Reached skill level 5 in Ranged Weapons
  9786 | D:11     | Killed from afar by a gargoyle

Illustrated notes

Levels and vault maps discovered:
D:1:      tarquinn_simple_flora_water_f, layout_loops_ring,
          shapermc_ecumenical_altar_petra
D:2:      layout_basic, basic_altar, serial_bayou_pond_b,
          chequers_serial_rivers_micro_b, nrook_uturn, minmay_pentomino_pile
D:3:      layout_loops_ring, mainiacjoe_overflow_six_doors_small,
          general_overflow_altar, portal_sewer_entry_f, minmay_hedge_maze,
          st_stairs_5
D:4:      layout_gridville, nicolae_overflow_hidden_temple, chequers_big_river
D:5:      layout_loops_ring
D:6:      layout_basic, amcnicky_altar_gilded, old_standard_altar,
          lemuel_round_altar, minmay_temple_entry_drinking_statues,
          uniq_prince_ribbit1
D:7:      cheibrodos_shockbox, layout_basic, minivault_4, kb_rosetta,
          uniq_pikel, uniq_joseph
D:8:      layout_loops_ring, okawaru_humans
D:9:      layout_irregular_city, kennysheep_mini, kennysheep_mini_moat,
          corexii_corridor_pit, serial_bayou_pond_a, uniq_erolcha, uniq_erica,
          uniq_maurice
D:10:     layout_grid_maze, zin_angel, enter_bailey_5, hangedman_decor_lopped,
          uniq_nergalle
D:11:     layout_long_grid, lair_entry_dummy, zombieorc2_lemuel,
          serial_co_window_serial, co_window_of_opportunity_a,
          co_window_paths_b, co_window_of_opportunity_a, co_window_paths_b,
          co_window_of_opportunity_a, co_window_2corner,
          co_window_of_opportunity_c, co_window_unsneaky_path_a,
          co_window_cross_4, co_window_paths_d, glass_columns_a,
          glass_columns_b, uniq_harold

Skill      XL: |  1  2  3  4  5  6  7  8  9 10 11 |
---------------+----------------------------------+-----
Axes           | 3 4 5 6 8 9 |  9.6
Dodging        | 3 4 5 6 8 9 |  9.6
Fighting       | 4 5 6 7 9 10 | 10.6
Ranged Weapons | 1 3 5 |  5.0

Action                     |  1- 3 |  4- 6 |  7- 9 | 10-12 || total
---------------------------+-------+-------+-------+-------++-------
  Melee: Hand axe          |   111 |    19 |       |       ||   130
         Broad axe         |       |    70 |   123 |   211 ||   404
   Fire: Sling             |       |       |       |    10 ||    10
    Use: Scroll            |       |    14 |     1 |       ||    15
         Potion            |       |       |     3 |     4 ||     7
   Stab: Paralysed         |       |       |    10 |    22 ||    32
 Armour: Steam dragon scal |    36 |    39 |    35 |    61 ||   171
         Robe              |     1 |       |       |       ||     1
  Dodge: Dodged            |   122 |    76 |   103 |   259 ||   560

Table legend: (Time is in decaauts)
 A = Elapsed time spent in this place.
 B = Non-inter-level travel time spent in this place.
 C = Inter-level travel time spent in this place.
 D = Time resting spent in this place.
 E = Time spent auto-exploring this place.
 F = Levels seen in this place.
 G = Mean time per level.
                   A        B        C        D        E       F      G
               +--------+--------+--------+--------+--------+-----+--------+
         Total |   9946 |   9467 |    479 |      0 |   7890 |  12 |  828.8 |
       Dungeon |   9690 |   9211 |    479 |      0 |   7687 |  11 |  880.9 |
         Sewer |    255 |    255 |      0 |      0 |    202 |   1 |  255.0 |
               +--------+--------+--------+--------+--------+-----+--------+

Top non-repeatable levels by time:
     D:7: 2023 daAuts
     D:4: 1340 daAuts
     D:9: 1260 daAuts
     D:8: 819 daAuts
     D:3: 776 daAuts
     D:1: 759 daAuts
     D:6: 739 daAuts
     D:2: 722 daAuts
     D:5: 674 daAuts
    D:10: 410 daAuts
   Sewer: 255 daAuts
    D:11: 163 daAuts
